 Dungeon Crawl Stone Soup version 0.18.1-47-g9310371 (webtiles) character file.

149 Jojapa the Skirmisher (level 5, 0/33 HPs)
             Began as a Gargoyle Fighter on June 13, 2016.
             Killed by divine providence
             ... invoked by an orc priest
              (17 damage)
             ... on level 4 of the Dungeon.
             The game lasted 00:04:11 (2237 turns).

Jojapa the Skirmisher (Gargoyle Fighter)            Turns: 2237, Time: 00:04:12

Health: 0/33       AC: 12    Str: 19    XL:     5   Next: 31%
Magic:  5/5        EV:  7    Int:  9    God:
Gold:   174        SH:  9    Dex: 10    Spells: 0 memorised, 4 levels left

rFire  . . .     SeeInvis .     a - +0 flail
rCold  . . .     Gourm    .     b - +0 scale mail
rNeg   + . .     Faith    .     c - +0 shield
rPois  ∞         Spirit   .     (no helmet)
rElec  +         Dismiss  .     m - +0 cloak
rCorr  .         Reflect  .     (no gloves)
SustAt .         Harm     .     (no boots)
MR     .....                    g - amulet of regeneration
Stlth  ..........               (no ring)
                                (no ring)

@: not resistant to hostile enchantments, extremely unstealthy
A: negative energy resistance 1, electricity resistance, unbreathing,
petrification resistance, rot immunity, AC +4
a: no special abilities


You were on level 4 of the Dungeon.
You were not hungry.

You visited 1 branch of the dungeon, and saw 4 of its levels.

You collected 174 gold pieces.

Inventory:

Hand Weapons
 a - a +0 flail (weapon)
Armour
 b - a +0 scale mail (worn)
 c - a +0 shield (worn)
 m - a +0 cloak (worn)
Jewellery
 g - an amulet of regeneration (around neck)
Scrolls
 e - a scroll of enchant weapon {unknown}
 h - 6 scrolls of identify {unknown}
 j - 2 scrolls of random uselessness {unknown}
 n - a scroll of remove curse {unknown}
 p - a scroll of teleportation {unknown}
 q - a scroll of recharging {unknown}
Potions
 d - 2 potions of curing {unknown}
 i - a potion of lignification {unknown}
 o - a potion of resistance {unknown}
Comestibles
 f - 3 bread rations
 k - 2 meat rations
 l - 4 chunks of flesh


   Skills:
 + Level 4.2 Fighting
 * Level 3.4 Maces & Flails
 - Level 4.1 Armour
 + Level 4.1 Shields


You had 4 spell levels left.
You didn't know any spells.

Dungeon Overview and Level Annotations

Branches:
Dungeon (4/15)
 Temple: D:4-7

Altars:
Okawaru
Ru
Sif Muna


Innate Abilities, Weirdness & Mutations

You are resistant to torment.
Your stone body is resilient (AC +4).
You are immune to poison.
You resist negative energy.
You are resistant to electric shocks.
You can survive without breathing.
You are immune to petrification.
You are immune to rotting.


Message History

Beogh smites you!
* * * LOW HITPOINT WARNING * * *
You're too confused to move!
You feel less confused.
An orc wizard appears from thin air!
Reactivating autopickup.
You block the orc wizard's attack.
The orc priest hits you but does no damage.
You hit the orc priest.
The orc priest is almost dead.
The orc wizard hits you but does no damage.
The orc priest calls upon Beogh to heal the orc wizard.
The orc wizard is healed somewhat.
You closely miss the orc priest.
The orc priest is almost dead.
The orc wizard hits you but does no damage.
The orc priest invokes the aid of Beogh against you.
Beogh smites you!
Ouch! That really hurt!
You die...

#.....♣ ......... §♣
P........ ♣♣..P
P♣P..8.8P .♣.♣♣
.P♣..?... ♣♣.P♣.♣
♣......P♣♣♣P...♣♣♣
♣P...♣♣.P....P..♣ ♣.
♣P♣PP..P♣..........♣P♣.
♣P.PP.o@...P####P....♣
♣.♣.♣.Po.#..').#......
♣....#...####..... P
.....#................
♣................##
#P..
............P..⌠..#
#..P
....###...P.....P.#
#... ....
+...###.....#+##P..
#... #.......P....


You could see an orc priest and an orc wizard.

Vanquished Creatures
  A worker ant (D:4)
  2 gnolls
  5 adders
  An ooze (D:3)
  2 worms
  2 orcs (D:4)
  4 giant cockroaches
  3 goblins
  6 hobgoblins
  7 jackals
  2 kobolds (D:2)
  6 bats
  4 giant newts
  8 rats
53 creatures vanquished.

Notes
Turn   | Place    | Note
--------------------------------------------------------------
     0 | D:1      | Jojapa the Gargoyle Fighter began the quest for the Orb.
     0 | D:1      | Reached XP level 1. HP: 14/14 MP: 1/1
   395 | D:1      | Reached XP level 2. HP: 19/19 MP: 2/2
   862 | D:1      | Reached XP level 3. HP: 22/23 MP: 3/3
  1346 | D:2      | Reached XP level 4. HP: 29/29 MP: 4/4
  1722 | D:2      | Found a deep blue altar of Sif Muna.
  2047 | D:3      | Found an iron altar of Okawaru.
  2051 | D:3      | Found a sacrificial altar of Ru.
  2144 | D:4      | Reached XP level 5. HP: 25/33 MP: 5/5
  2237 | D:4      | Killed from afar by an orc priest

Skill      XL: |  1  2  3  4 |
---------------+-------------+-----
Maces & Flails | 3 |  3.4
Armour         | 4 |  4.1
Fighting       | 4 |  4.2
Shields        | 4 |  4.1

Action                   |  1- 3 |  4- 6 || total
-------------------------+-------+-------++-------
Melee: Flail             |   147 |   152 ||   299
  Use: Potion            |     1 |       ||     1
  Eat: Chunk             |     2 |     3 ||     5
Armor: Scale mail        |    99 |   107 ||   206
Dodge: Dodged            |    69 |    54 ||   123
Block: Shield            |   110 |    72 ||   182
